 Dungeon Crawl Stone Soup version 0.16-a0-1163-g830ab83 (webtiles) character file.

97 Gustav the Cutter (level 5, -5/32 HPs)
             Began as a Kobold Chaos Knight on Oct 8, 2014.
             Was a Plaything of Xom.
             Slain by an ogre skeleton (9 damage)
             ... on level 4 of the Dungeon.
             The game lasted 00:06:19 (2046 turns).

Gustav the Cutter (Kobold Chaos Knight)             Turns: 2046, Time: 00:06:19

Health: -5/32      AC:  6    Str: 13      XL:     5   Next: 0%
Magic:  5/5        EV: 13    Int:  9 (10) God:    Xom
Gold:   142        SH:  0    Dex: 17      Spells: 0 memorised, 4 levels left

rFire  . . .     SeeInvis .     a - +0 short sword (chaos)
rCold  . . .     Clarity  .     b - +2 leather armour
rNeg   . . .     SustAb   .     (no shield)
rPois  .         Gourm    .     (no helmet)
rElec  .         Spirit   .     (no cloak)
rCorr  .         Warding  .     u - +0 pair of gloves
rMut   +         Stasis   .     (no boots)
MR     .....                    g - amulet of resist mutation
Stlth  +++.......               (no ring)
                                d - +3 ring of strength

@: not resistant to hostile enchantments, fairly stealthy
A: carnivore 3
a: Renounce Religion


You were on level 4 of the Dungeon.
You worshipped Xom.
You were a very special plaything of Xom.
You were very full.

You visited 1 branch of the dungeon, and saw 4 of its levels.

You collected 142 gold pieces.

Inventory:

Hand weapons
 a - a +0 short sword of chaos (weapon)
Missiles
 e - a throwing net (quivered)
Armour
 b - a +2 leather armour (worn)
 i - a +1 pair of gloves
 u - a +0 pair of gloves (worn)
Comestibles
 c - 2 meat rations
 f - 2 royal jellies
 s - 2 beef jerkies
Scrolls
 l - a scroll of remove curse
 m - 2 scrolls of amnesia {unknown}
 n - a scroll of enchant weapon {unknown}
 p - a scroll of identify
 q - a scroll of magic mapping
Jewellery
 d - a +3 ring of strength (left hand)
 g - an amulet of resist mutation (around neck)
Potions
 h - a potion of haste {unknown}
 j - a potion of curing
 k - a potion of heal wounds {unknown}
 o - a potion of restore abilities {unknown}
 r - a potion of magic {unknown}


   Skills:
 - Level 3.2 Fighting
 - Level 5.2 Short Blades
 - Level 0.7 Armour
 - Level 2.4 Dodging
 + Level 4.8 Stealth


You had 4 spell levels left.
You didn't know any spells.

Dungeon Overview and Level Annotations

Branches:
Dungeon (4/15)
 Temple: D:4-7

Altars:

Shops:
D:4 ?

Annotations:
D:3 Grinder, Sigmund
D:4 Blork the orc


Innate Abilities, Weirdness & Mutations

You are small and have problems with some larger weapons.
You are carnivorous and can eat meat at any time.


Message History

The ogre skeleton closely misses you.
You hit the ogre skeleton.
The ogre skeleton seems to slow down.
The ogre skeleton is no longer moving slowly.
You hit the ogre skeleton. The ogre skeleton misses you.
You hit the ogre skeleton. You burn the ogre skeleton.
The ogre skeleton barely misses you.
You hit the ogre skeleton but do no damage.
The ogre skeleton seems to speed up.
The ogre skeleton misses you.
You hit the ogre skeleton but do no damage.
The ogre skeleton closely misses you.
You hit the ogre skeleton. You burn the ogre skeleton.
The ogre skeleton closely misses you.
You hit the ogre skeleton. You hit the ogre skeleton.
You burn the ogre skeleton. The ogre skeleton hits you!
You hit the ogre skeleton. The ogre skeleton closely misses you.
The ogre skeleton hits you!
* * * LOW HITPOINT WARNING * * *
The ogre skeleton hits you!
You die...

.... ##.∩. ..(
#..########.###
#........%...#
#########.##.....
##.# # #Z.# ##
##@## #..# #..#
<..# #.## #..#
#.# .$# #.. ##.#
) #.###..#
#...#.## ###...#
#..#######


You could see an ogre skeleton.

Vanquished Creatures
  3 adders
  A gnoll (D:1)
  A worm (D:2)
  A giant mite (D:4)
  2 oozes
  3 orcs (D:3)
  A ball python (D:2)
  4 giant cockroaches
  7 goblins
  A hobgoblin (D:1)
  2 kobolds
  5 bats
  2 giant geckos
  6 giant newts
  4 jackals (D:1)
  3 rats
46 creatures vanquished.

Vanquished Creatures (collateral kills)
  A giant newt (D:2)
1 creature vanquished.

Vanquished Creatures (others)
  A hobgoblin (D:1)
1 creature vanquished.

Grand Total: 48 creatures vanquished

Notes
Turn   | Place    | Note
--------------------------------------------------------------
     0 | D:1      | Gustav, the Kobold Chaos Knight, began the quest for the Orb.
     0 | D:1      | Reached XP level 1. HP: 14/14 MP: 1/1
   179 | D:1      | Reached XP level 2. HP: 19/19 MP: 2/2
   196 | D:1      | XOM: harmless Hex miscast
   223 | D:1      | Reached skill level 5 in Short Blades
   358 | D:1      | Reached XP level 3. HP: 18/23 MP: 3/3
   364 | D:1      | Reached skill level 1 in Stealth
   563 | D:1      | XOM: divination: detect creatures
  1116 | D:2      | Reached XP level 4. HP: 28/28 MP: 4/4
  1258 | D:2      | XOM: harmless Hex miscast
  1587 | D:2      | XOM: silly message
  1753 | D:2      | XOM: divination: detect creatures
  1890 | D:3      | Noticed Grinder
  1893 | D:3      | XOM: divination: magic mapping
  1916 | D:4      | Noticed Blork the orc
  1917 | D:4      | XOM: enchant monster (good)
  1928 | D:3      | XOM: confuse monster(s)
  1930 | D:3      | Noticed Sigmund
  1947 | D:3      | XOM: stat loss: -1 Int (9/10)
  2005 | D:4      | Reached XP level 5. HP: 19/32 MP: 5/5
  2023 | D:4      | Found Kliepp's Magic Scroll Boutique.
  2046 | D:4      | Slain by an ogre skeleton

Action                   |  1- 3 |  4- 6 || total
-------------------------+-------+-------++-------
Melee: Short sword       |    95 |    80 ||   175
  Use: Scroll            |       |     6 ||     6
       Potion            |       |     1 ||     1
 Stab: Paralysed         |     2 |       ||     2
       Sleeping          |     2 |     1 ||     3
       Distracted        |       |     1 ||     1
  Eat: Chunk             |     8 |     2 ||    10
